 Dungeon Crawl Stone Soup version 0.30-a0-347-gf58ed5266c (webtiles) character file.

Game seed: 17718961403307772510

410 mopl the Chopper (level 7, -2/46 HPs)
             Began as a Formicid Warper on Nov 5, 2022.
             Succumbed to an orc wizard's poison
             ... on level 4 of the Dungeon.
             The game lasted 00:05:11 (3187 turns).

mopl the Chopper (Formicid Warper)                  Turns: 3187, Time: 00:05:12

Health: -2/46      AC:  7    Str: 17    XL:     7   Next: 13%
Magic:  10/10      EV: 11    Int: 13    God:
Gold:   194        SH:  4    Dex: 13    Spells: 10/10 levels left

rFire   . . .      SeeInvis +    a - +0 war axe
rCold   . . .      Faith    .    s - +0 buckler
rNeg    . . .      Spirit   .    f - +0 ring mail
rPois   .          Reflect  .    (helmet unavailable)
rElec   .          Harm     .    (no cloak)
rCorr   .          Rampage  .    g - +0 pair of gloves
Will    .....                    l - +0 pair of boots
Stlth   +.........               (no amulet)
HPRegen 0.27/turn                (no ring)
MPRegen 0.12/turn                (no ring)

@: lethally poisoned (-2 -> -10)
A: permanent stasis, dig shafts and tunnels, antennae 3, four strong arms, frail
1
a: Dig, Shaft Self


You were on level 4 of the Dungeon.
You visited 1 branch of the dungeon, and saw 4 of its levels.

You collected 194 gold pieces.

Inventory:

Hand Weapons
 a - a +0 war axe (weapon)
Missiles
 c - 7 boomerangs of dispersal (quivered)
 u - 4 poisoned darts
Armour
 f - a +0 ring mail (worn)
 g - a +0 pair of gloves (worn)
 l - a +0 pair of boots (worn)
 s - a +0 buckler (worn)
Jewellery
 n - an amulet of faith {!P}
Scrolls
 b - a scroll of amnesia {unknown}
 d - a scroll of fear {unknown}
 e - a scroll of summoning {unknown}
 h - 2 scrolls of poison {unknown}
 i - 2 scrolls of identify {unknown}
 j - 3 scrolls of noise {unknown}
 k - a scroll of blinking {unknown}
 o - 2 scrolls of teleportation {unknown}
 p - a scroll of vulnerability {unknown}
 t - a scroll of immolation {unknown}
Potions
 m - a potion of degeneration {unknown}
 q - a potion of brilliance {unknown}
 r - a potion of might {unknown}
 v - 2 potions of curing {unknown}


   Skills:
 + Level 3.5 Fighting
 * Level 4.3 Axes
 - Level 1.0 Throwing
 + Level 3.0 Armour
 + Level 2.9 Dodging
 + Level 2.5 Shields
 - Level 2.1 Spellcasting
 + Level 3.4 Translocations


You had 10 spell levels left.
You didn't know any spells.
Your spell library contained the following spells:

 Spells                   Type           Power      Damage    Failure   Level
 Lesser Beckoning         Tloc           20%        N/A       38%         3
 Teleport Other           Tloc           10%        N/A       38%         3
 Vhi's Electric Charge    Tloc/Air       10%        N/A       63%         3
 Manifold Assault         Tloc           10%        N/A       80%         4
 Passage of Golubria      Tloc           10%        N/A       80%         4
 Silence                  Hex/Air        0%         N/A       100%        5
 Lehudib's Crystal Spear  Conj/Erth      0%         10d2      100%        8
 Blink                    Tloc           Unusable   N/A       N/A         2

Dungeon Overview and Level Annotations

Branches:
Dungeon (4/15)
 Temple: D:4-7

Altars:
Cheibriados


Innate Abilities, Weirdness & Mutations

You cannot be hasted, slowed, berserked, paralysed or teleported.
You can dig through walls and to a lower floor.
You have a pair of large antennae on your head. (SInv)
Your four strong arms can wield two-handed weapons with a shield.
You are frail. (-10% HP)


Message History

You barely miss the orc.
You hit the orc wizard but do no damage.
You feel very sick.
The orc wizard hits you with a +2 dagger of venom.
You are more poisoned.
The orc closely misses you. You block the orc's attack.
The orc wizard closely misses you.
Your Armour skill increases to level 3!
You are too injured to fight recklessly!
Unknown command.
You are too injured to fight recklessly!
Unknown command.
You are too injured to fight recklessly!
Unknown command.
You hit the orc wizard.
The orc wizard is severely wounded.
You slash the orc!
You kill the orc!
You feel very sick. The orc wizard closely misses you. The quokka bites you.
Unknown command.
You hit the orc wizard.
The orc wizard is severely wounded.
You hit the quokka.
* * * LOW HITPOINT WARNING * * *
You feel very sick. The orc wizard misses you. You block the quokka's attack.
Unknown command.
You hit the orc wizard but do no damage.
The orc wizard is severely wounded.
You slash the quokka!
You kill the quokka!
* * * LOW HITPOINT WARNING * * *
You feel very sick.
The orc wizard points at you and mumbles some strange words.
The magic dart hits you!
* * * LOW HITPOINT WARNING * * *
You barely miss the orc wizard.
The orc wizard is severely wounded.
You die...

#########
#.......#
#.......#
#....?..#
#.....))#
#.....)@#
#.....)o#
#.......#
.<....!..
........#
........#
##...#..#
........


You could see an orc wizard.

Vanquished Creatures
  Grinder (D:2)
  An orc priest (D:3)
  A hound (D:3)
  2 orc wizards
  3 adders
  3 worms
  3 dart slugs
  9 orcs
  6 endoplasms
  4 giant cockroaches
  10 goblins
  3 hobgoblins
  5 jackals
  3 quokkas
  6 ball pythons
  8 bats
  2 frilled lizards (D:2)
  5 kobolds
  6 rats
81 creatures vanquished.

Notes
Turn   | Place    | Note
-------+----------+-------------------------------------------
     0 | D:1      | mopl the Formicid Warper began the quest for the Orb.
     0 | D:1      | Reached XP level 1. HP: 16/16 MP: 3/3
    91 | D:1      | Reached XP level 2. HP: 23/23 MP: 5/5
   101 | D:1      | Reached skill level 2 in Dodging
   345 | D:1      | Reached XP level 3. HP: 27/28 MP: 6/6
  1107 | D:2      | Reached XP level 4. HP: 34/34 MP: 7/7
  1113 | D:2      | Found a snail-covered altar of Cheibriados.
  1469 | D:2      | Reached skill level 2 in Armour
  1554 | D:2      | Reached skill level 3 in Axes
  2136 | D:3      | Noticed Grinder
  2168 | D:2      | Reached skill level 3 in Translocations
  2291 | D:2      | Reached skill level 1 in Shields
  2291 | D:2      | Reached XP level 5. HP: 37/40 MP: 8/8
  2316 | D:2      | Gained mutation: You are frail. (-10% HP) [potion of
                  | mutation]
  2341 | D:2      | Killed Grinder
  2342 | D:2      | Reached skill level 3 in Fighting
  2342 | D:2      | Reached skill level 4 in Axes
  2342 | D:2      | Reached skill level 2 in Shields
  2342 | D:2      | Reached XP level 6. HP: 11/42 MP: 9/9
  2909 | D:3      | Reached XP level 7. HP: 46/46 MP: 10/10
  3184 | D:4      | Reached skill level 3 in Armour
  3186 | D:4      | HP: 1/46 [orc wizard/magic dart (7)]
  3187 | D:4      | Succumbed to an orc wizard's poison

Illustrated notes

Levels and vault maps discovered:
D:1:      saegor_arrival_simple_e, layout_basic, minmay_bisected
D:2:      layout_basic, basic_altar, hangedman_decor_growths
D:3:      layout_basic, minmay_between, uniq_grinder
D:4:      layout_rooms, led_sif_book, serial_bayou_lake_a

Skill      XL: |  1  2  3  4  5  6  7 |
---------------+----------------------+-----
Dodging        | 2 |  2.9
Armour         | 2 3 |  3.0
Axes           | 3 4 |  4.3
Translocations | 3 |  3.4
Shields        | 1 2 |  2.5
Fighting       | 3 |  3.5
Throwing       | |  1.0
Spellcasting   | |  2.1

Action                   |  1- 3 |  4- 6 |  7- 9 || total
-------------------------+-------+-------+-------++-------
Melee: Hand axe          |   126 |   141 |       ||   267
       Punch             |     3 |       |       ||     3
       War axe           |       |    52 |    21 ||    73
  Use: Potion            |       |     4 |       ||     4
 Stab: Sleeping          |     1 |       |       ||     1
Armor: Leather armour    |     8 |       |       ||     8
       Ring mail         |    46 |    93 |    10 ||   149
Dodge: Dodged            |    74 |   134 |    10 ||   218
Block: Buckler           |       |    35 |     6 ||    41

Table legend: (Time is in decaauts)
 A = Elapsed time spent in this place.
 B = Non-inter-level travel time spent in this place.
 C = Inter-level travel time spent in this place.
 D = Time resting spent in this place.
 E = Time spent auto-exploring this place.
 F = Levels seen in this place.
 G = Mean time per level.
                   A        B        C        D        E       F      G
               +--------+--------+--------+--------+--------+-----+--------+
         Total |   3258 |   3206 |     52 |    312 |   2081 |   4 |  814.5 |
       Dungeon |   3258 |   3206 |     52 |    312 |   2081 |   4 |  814.5 |
               +--------+--------+--------+--------+--------+-----+--------+

Top non-repeatable levels by time:
     D:2: 1151 daAuts
     D:1: 1052 daAuts
     D:3: 1039 daAuts
     D:4: 15 daAuts
